 Dungeon Crawl Stone Soup version 0.13-a0-2586-gd3544ab (webtiles) character file.

633 JulietteNo the Chucker (level 7, -7/68 HPs)
             Began as an Ogre Hunter on Aug 1, 2013.
             Killed from afar by Sigmund (13 damage)
             ... with a puff of flame
             ... on Level 3 of the Dungeon.
             The game lasted 00:15:25 (4177 turns).

JulietteNo the Chucker (Ogre Hunter)                Turns: 4177, Time: 00:15:25

HP  -7/68        AC  3     Str 18      XL: 7   Next:  8%
MP   6/6         EV 10     Int 12      God:
Gold 165         SH  0     Dex 10      Spells:  0 memorised,  6 levels left

Res.Fire  : x . .   See Invis. : .   b - +0 giant club
Res.Cold  : + . .   Warding    : .   d - +0 animal skin
Life Prot.: . . .   Conserve   : .   (shield restricted)
Res.Poison: .       Res.Corr.  : .   (helmet restricted)
Res.Elec. : .       Clarity    : .   (no cloak)
Sust.Abil.: . .     Spirit.Shd : .   (gloves unavailable)
Res.Mut.  : .       Stasis     : .   (boots unavailable)
Res.Rott. : .       Flight     : .   (no amulet)
Saprovore : + . .                    (no ring)
                                     q - ring of ice

@: slightly resistant to hostile enchantments, unstealthy
A: unfitting armour, fast metabolism 1, saprovore 1, tough skin 1
a: no special abilities


You were on level 3 of the Dungeon.
You were not hungry.

You visited 1 branch of the dungeon, and saw 3 of its levels.

You collected 145 gold pieces.

Inventory:

Hand weapons
 b - a +0,+0 giant club (weapon)
 n - a +0,+0 whip
Missiles
 c - 2 throwing nets
 v - 18 stones
 z - 3 large rocks (quivered)
Armour
 d - a +0 animal skin (worn)
Magical devices
 r - a wand of slowing (1)
 w - a wand of frost (11)
Comestibles
 f - 3 meat rations
 h - an apple
 o - 2 cheeses
 s - 4 bread rations
Scrolls
 e - a scroll of recharging {unknown}
 g - 3 scrolls of teleportation {unknown}
 j - 2 scrolls of remove curse {unknown}
 l - 2 scrolls of fear {unknown}
 m - 5 scrolls of identify {unknown}
 p - a scroll of curse armour {unknown}
 t - a scroll of blinking {unknown}
 y - a scroll of curse weapon {unknown}
 A - a scroll of magic mapping {unknown}
Jewellery
 q - a ring of ice (left hand)
Potions
 a - a potion of cure mutation {unknown}
 i - 3 potions of heal wounds {unknown}
 k - a potion of degeneration {unknown}
 u - a potion of agility {unknown}


   Skills:
 - Level 5.0 Fighting
 - Level 1.3 Maces & Flails
 * Level 7.7 Throwing
 - Level 3.0 Dodging
 - Level 0.7 Stealth


You had 6 spell levels left.
You didn't know any spells.

Dungeon Overview and Level Annotations

Branches:
Dungeon (3/27)

Altars:
Nemelex Xobeh

Annotations
D:3 Sigmund


Innate Abilities, Weirdness & Mutations

You are too large for most types of armour.
You have a fast metabolism.
You can tolerate rotten meat.
You have tough skin (AC +1).


Message History

You closely miss it.
You hear some strange, mumbled words.
Something tries to affect you, but you resist.
You hear some strange, mumbled words.
Something tries to affect you, but you resist.
You barely miss it. It hits you!
You miss it.
You hear some strange, mumbled words.
The magic dart hits you! It hits you.
You closely miss it.
You hear some strange, mumbled words.
The magic dart hits you!
You hit it. It hits you.
You barely miss it. It hits you!
* * * LOW HITPOINT WARNING * * *
All of the chunks of flesh in your inventory have completely rotted away.
It hits you!
* * * LOW HITPOINT WARNING * * *
The puff of flame hits you! The fire burns you terribly!
You die...

#.# #..######. #.#
#......... ##.##
#<######## #.####
##...######.#
.>....####...........#
#.....###....#######
#.....# ##.#.#
#.....######.#
#.........@..#
#.....######## #######


There were no monsters in sight!

Vanquished Creatures
  Grinder (D:3)
  An ogre (D:3)
  Jessica (D:3)
  Terence (D:2)
  2 adders
  A gnoll (D:1)
  5 worms
  A giant gecko (D:1)
  An orc (D:3)
  11 bats
  2 giant cockroaches
  11 hobgoblins
  4 jackals (D:1)
  2 ball pythons
  6 giant newts (D:1)
  11 goblins
  9 kobolds
  5 rats
75 creatures vanquished.

Notes
Turn   | Place    | Note
--------------------------------------------------------------
     0 | D:1      | JulietteNo, the Ogre Hunter, began the quest for the Orb.
     0 | D:1      | Reached XP level 1. HP: 20/20 MP: 0/0
   303 | D:1      | Reached XP level 2. HP: 28/28 MP: 1/1
   871 | D:1      | Reached XP level 3. HP: 36/36 MP: 2/2
  2065 | D:2      | Reached XP level 4. HP: 37/45 MP: 3/3
  2254 | D:2      | Noticed Terence
  2262 | D:2      | Killed Terence
  2328 | D:2      | Reached skill level 5 in Fighting
  3056 | D:3      | Noticed Grinder
  3080 | D:3      | Paralysed by Grinder for 4 turns
  3086 | D:3      | Paralysed by Grinder for 3 turns
  3094 | D:3      | Killed Grinder
  3094 | D:3      | Reached skill level 6 in Throwing
  3094 | D:3      | Reached XP level 5. HP: 18/53 MP: 4/4
  3094 | D:3      | Reached XP level 6. HP: 20/61 MP: 5/5
  3393 | D:3      | Noticed Jessica
  3398 | D:3      | Killed Jessica
  3398 | D:3      | Reached skill level 7 in Throwing
  3778 | D:3      | Reached XP level 7. HP: 66/68 MP: 6/6
  3891 | D:3      | Found a sparkling altar of Nemelex Xobeh.
  4164 | D:3      | Noticed Sigmund
  4177 | D:3      | Killed from afar by Sigmund

Action                   |  1- 3 |  4- 6 |  7- 9 || total
-------------------------+-------+-------+-------++-------
Melee: Club              |    92 |       |       ||    92
       Whip              |    31 |    67 |       ||    98
       Giant club        |       |       |    31 ||    31
Throw: Large rock        |    25 |    24 |       ||    49
       Stone             |       |    27 |       ||    27
 Stab: Sleeping          |       |       |     1 ||     1
